 Dungeon Crawl Stone Soup version 0.28.0-53-g5a82cb258f (webtiles) character file.

Game seed: 8875526134396800591

65 Gabide the Skirmisher (level 4, -5/35 HPs)
             Began as a Human Monk on May 31, 2022.
             Killed from afar by an orc wizard (8 damage)
             ... with a magic dart
             ... on level 3 of the Dungeon.
             The game lasted 00:02:29 (1903 turns).

Gabide the Skirmisher (Human Monk)                  Turns: 1903, Time: 00:02:31

Health: -5/35      AC:  7    Str: 11    XL:     4   Next: 35%
Magic:  4/4        EV: 11    Int: 10    God:
Gold:   46         SH:  0    Dex: 18    Spells: 3/3 levels left

rFire   + . .      SeeInvis .   a - +0 spear
rCold   + . .      Faith    .   (no shield)
rNeg    . . .      Spirit   .   l - +2 ring mail {rF+}
rPois   .          Reflect  .   (no helmet)
rElec   .          Harm     .   (no cloak)
rCorr   .          Rampage  .   (no gloves)
Will    .....                   (no boots)
Stlth   ++........              (no amulet)
HPRegen 0.11/turn               h - ring of protection from cold
MPRegen 0.09/turn               (no ring)

@: invisible
A: no striking features
a: no special abilities


You were on level 3 of the Dungeon.
You visited 1 branch of the dungeon, and saw 3 of its levels.

You collected 76 gold pieces.
You spent 30 gold pieces at shops.

Inventory:

Hand Weapons
 a - a +0 spear (weapon)
Armour
 c - a +1 robe of willpower
 l - a +2 ring mail of fire resistance (worn)
Jewellery
 h - a ring of protection from cold (left hand)
 j - a ring of ice
Scrolls
 d - 2 scrolls of teleportation
 f - a scroll of fear {unknown}
 g - a scroll of acquirement {unknown}
 i - a scroll of amnesia {unknown}
 m - a scroll of identify {unknown}
Potions
 b - a potion of magic {unknown}
 e - a potion of invisibility
 k - a potion of heal wounds {unknown}


   Skills:
 - Level 3.3 Fighting
 - Level 3.3 Polearms
 + Level 2.5 Armour
 - Level 3.3 Dodging
 - Level 2.0 Stealth


You had 3 spell levels left.
You didn't know any spells.
Your spell library was empty.

Dungeon Overview and Level Annotations

Branches:
Dungeon (3/15)

Altars:

Shops:
D:1 *


Message History

The orc barely misses you. Something hits you but does no damage.
You feel less confused.
You hit the orc.
The orc is severely wounded.
The orc closely misses you.
You hit the orc.
You kill the orc!
You hear some strange, mumbled words.
Things that are here:
a +0 club; an orc corpse You hit the orc but do no damage.
The orc is heavily wounded.
The orc barely misses you.
You hit the orc but do no damage.
The orc is heavily wounded.
The orc closely misses you.
You barely miss the orc.
The orc is heavily wounded.
The orc closely misses you. Something hits you but does no damage.
You hit the orc.
The orc is heavily wounded.
The orc barely misses you. Something hits you but does no damage.
You hit the orc.
The orc is severely wounded.
The orc hits you but does no damage. Something hits you but does no damage.
You hit the orc.
The orc is almost dead.
The orc barely misses you. Something hits you but does no damage.
You hit the orc but do no damage.
The orc is almost dead.
The orc completely misses you. Something hits you.
* * * LOW HITPOINT WARNING * * *
You hit the orc but do no damage.
The orc is almost dead.
The orc hits you with a +0 hand axe.
* * * LOW HITPOINT WARNING * * *
You hear some strange, mumbled words.
A magic dart appears from out of thin air!
The magic dart hits you!
You die...

#####............#####
[........##.....##
#####....##.....#
###..........##
#....#....#...# ####
###.............###..♣##
...................♣...#
####...................##
#########....@.P..♣.P#
###..{o♣†♣≈..♣#
####..≈≈♣≈..# #.≈♣≈≈...#
#### #.♣≈≈≈♣♣P# ....
#..≈≈≈≈≈.## #... .
#....≈♣...# .?
#).P.P....# ...
##.#P...†..#


You could see an orc.

Vanquished Creatures
  A worm (D:3)
  A dart slug (D:1)
  3 orcs (D:3)
  11 endoplasms
  3 giant cockroaches (D:1)
  A goblin (D:2)
  6 hobgoblins
  A jackal (D:2)
  2 quokkas
  7 ball pythons
  5 bats
  4 frilled lizards
  4 kobolds
  4 rats
53 creatures vanquished.

Vanquished Creatures (others)
  4 plants (D:3)
4 creatures vanquished.

Grand Total: 57 creatures vanquished

Notes
Turn   | Place    | Note
-------+----------+-------------------------------------------
     0 | D:1      | Gabide the Human Monk began the quest for the Orb.
     0 | D:1      | Reached XP level 1. HP: 18/18 MP: 1/1
    54 | D:1      | Reached XP level 2. HP: 21/24 MP: 2/2
   299 | D:1      | Found Fani's General Store.
   577 | D:1      | Reached XP level 3. HP: 29/29 MP: 3/3
   777 | D:1      | Bought a scroll of teleportation for 30 gold pieces
   848 | D:2      | Reached skill level 1 in Armour
  1525 | D:3      | Reached XP level 4. HP: 35/35 MP: 4/4
  1903 | D:3      | Killed from afar by an orc wizard

Illustrated notes

Levels and vault maps discovered:
D:1:      dpeg_arrival_rhombus, layout_basic, serial_shops, shop
D:2:      layout_loops_ring
D:3:      layout_rooms, shapermc_ecumenical_altar_notcrosses,
          serial_bayou_pond_a, amethyst_killhole, kennysheep_cluttered_room,
          skrybe_limestone_x, uniq_robin

Skill      XL: |  1  2  3  4 |
---------------+-------------+-----
Armour         | 1 2 |  2.5
Fighting       | |  3.3
Polearms       | |  3.3
Dodging        | |  3.3
Stealth        | |  2.0

Action                   |  1- 3 |  4- 6 || total
-------------------------+-------+-------++-------
Melee: Spear             |   109 |    82 ||   191
       Punch             |       |     3 ||     3
  Use: Potion            |       |     1 ||     1
 Stab: Sleeping          |     8 |       ||     8
Armor: Robe              |     8 |       ||     8
       Ring mail         |    11 |    48 ||    59
Dodge: Dodged            |    43 |    55 ||    98
